 Seeded DCSS version 0.31-a0-142-g31f6795 (webtiles) character file.

Game seed: 314292663119434210 (custom seed)

1997 Ayyar the Sneak (level 9, 0/50 (52) HPs)
             Began as an Octopode Air Elementalist on June 3, 2023.
             Was a Follower of Dithmenos.
             Slain by a wight
             ... wielding a +2 war axe
              (6 damage)
             ... on level 6 of the Dungeon.
             The game lasted 00:29:51 (7786 turns).

Ayyar the Sneak (Octopode Air Elementalist)         Turns: 7786, Time: 00:29:51

HP:   0/50 (52)     AC:  1    Str:  7    XL:     9   Next: 21%
MP:   16/16         EV: 14    Int: 22    God:    Dithmenos [*.....]
Gold: 249           SH:  4    Dex: 12    Spells: 14/17 levels left

rFire   . . .        x - +4 dagger
rCold   . . .        w - +0 buckler
rNeg    . . .        (helmet restricted)
rPois   .            (no amulet)
rElec   .            q - ring of see invisible
rCorr   .            (no ring)
SInv    +            (no ring)
Will    .....        (no ring)
Stlth   +++++        (no ring)
HPRegen 0.28/turn    (no ring)
MPRegen 0.15/turn    (no ring)
                     (no ring)

%: no passive effects
@: hasted, wreathed by umbra, lightly drained, very quick
A: almost no armour, amphibious, 8 rings, camouflage 1, gelatinous body 1,
(nimble swimmer 1), tentacles
a: Renounce Religion


You were on level 6 of the Dungeon.
You worshipped Dithmenos.
Dithmenos was aware of your devotion.
You visited 2 branches of the dungeon, and saw 8 of its levels.
You also visited: Sewer.

You collected 262 gold pieces.
You spent 13 gold pieces at shops.

Inventory:

Hand Weapons
 r - a +1 short sword of speed
 x - a +4 dagger (weapon)
Missiles
 k - 5 curare-tipped darts
Armour
 w - a +0 buckler (worn)
Jewellery
 q - a ring of see invisible (left tentacle)
Wands
 y - a wand of polymorph (3)
Scrolls
 b - a scroll of fear {unknown}
 d - 2 scrolls of blinking
 e - a scroll of fog {unknown}
 f - 2 scrolls of teleportation {unknown}
 g - 2 scrolls of enchant weapon
 m - 2 scrolls of magic mapping {unknown}
 o - 2 scrolls of enchant armour {unknown}
 v - a scroll of silence {unknown}
 z - a scroll of amnesia {unknown}
Potions
 a - a potion of magic
 c - a potion of brilliance
 h - 2 potions of lignification
 j - a potion of cancellation {unknown}
 l - a potion of might
 n - a potion of berserk rage {unknown}
 p - a potion of mutation {unknown}
 s - a potion of ambrosia {unknown}
 t - 2 potions of attraction
 u - a potion of curing


   Skills:
 + Level 0.5 Fighting
 - Level 4.0 Short Blades
 + Level 0.9 Throwing
 + Level 5.1 Dodging
 + Level 7.1 Stealth
 + Level 1.5 Shields
 + Level 4.6 Spellcasting
 + Level 4.5 Conjurations
 + Level 2.0 Translocations
 + Level 5.4 Air Magic
 + Level 0.6 Evocations


You had 14 spell levels left.
You knew the following spells:

 Your Spells              Type           Power      Damage    Failure   Level
a - Shock                 Conj/Air       100%       1d9       2%          1
b - Blink                 Tloc           26%        N/A       12%         2

Your spell library contained the following spells:

 Spells                   Type           Power      Damage    Failure   Level
 Static Discharge         Conj/Air       54%        2-5/arc   3%          2
 Swiftness                Air            28%        N/A       5%          3
 Vhi's Electric Charge    Tloc/Air       42%        N/A       11%         3
 Necrotise                Necr           20%        1d5       17%         1
 Airstrike                Air            14%        2d(2-18)  19%         4
 Dazzling Flash           Conj/Hex       30%        N/A       21%         3
 Gell's Gravitas          Tloc           13%        N/A       22%         3
 Teleport Other           Tloc           13%        N/A       22%         3
 Portal Projectile        Hex/Tloc       18%        N/A       34%         3
 Volatile Blastmotes      Fire/Tloc      18%        2d11      34%         3
 Iskenderun's Mystic Bla  Conj/Tloc      19%        2d6       41%         4
 Call Canine Familiar     Summ           5%         N/A       45%         3
 Vampiric Draining        Necr           5%         2d6       45%         3
 Arcjolt                  Conj/Air       13%        1d23      52%         5
 Fulminant Prism          Conj/Hex       7%         3d7       54%         4
 Manifold Assault         Tloc           13%        N/A       58%         4
 Silence                  Hex/Air        8%         N/A       83%         5
 Leda's Liquefaction      Hex/Erth       2%         N/A       86%         4
 Agony                    Necr           5%         N/A       99%         5
 Lee's Rapid Deconstruct  Erth           2%         3d5*      99%         5
 Dispersal                Tloc           6%         N/A       100%        6
 Storm Form               Tmut/Air       8%         N/A       100%        7
 Maxwell's Capacitive Co  Air            14%        ∞         100%        8


Dungeon Overview and Level Annotations

Branches:
Dungeon (7/15)             Temple (1/1) D:5           Sewer (visited)

Altars:
Dithmenos
Elyvilon
Gozag
Kikubaaqudgha
Makhleb
Ru
Trog
Wu Jian
Yredelemnul
Zin
The Shining One

Shops:
D:1 ?


Innate Abilities, Weirdness & Mutations

You cannot wear most types of armour.
You are amphibious.
You can wear up to eight rings at the same time.
Your skin changes colour to match your surroundings (Stealth+).
Your rubbery body absorbs attacks. (AC +1, EV +1)
((You are camouflaged when in or above water. (Stealth+)))
You have tentacles for arms and can constrict up to eight enemies at once.


Message History

Items here: ( )) [.
You climb downwards.
Found a spiked cloak.
There is a stone staircase leading up here.
The helpless wight fails to defend itself.
You impale the wight!!
You destroy the wight!
Dithmenos accepts your kill.
Your Translocations skill increases to level 2!
Press: ? - help, v - describe, . - travel, g - get item
Items here: a +0 short sword of protection; a +0 robe.
The floor.
This square is wreathed by an umbra.
The wight closely misses you.
You hit the wight. Your grab misses the wight.
The wight is lightly damaged.
The wight hits you with a +0 mace! The wight attacks as you move away!
The wight hits you with a +0 mace.
You feel drained.
You hit the wyvern zombie.
The wyvern zombie is lightly damaged.
The wight barely misses you. You block the wyvern zombie's attack.
The wyvern zombie misses you.
There is a stone staircase leading up here.
Magic restored.
The wyvern zombie barely misses you.
The wight closely misses you. x2; The wyvern zombie bites you!
You climb upwards.
There is a stone staircase leading down, spattered with blood here.
Items here: ( )) [.
You hit the wight but do no damage. Your grab misses the wight.
You squeeze the wight, but do no damage.
The wight hits you with a +2 war axe!
* * * LOW HITPOINT WARNING * * *
The wight hits you with a +0 mace!
* * * LOW HITPOINT WARNING * * *
It was a potion of haste.
You feel yourself speed up. The wight barely misses you. x2
You barely miss the wight. You grab the wight. You constrict the wight.
The wight hits you with a +2 war axe.
You die...

#..# #.......#.##....
#.#############.##.##.
#.......# #......#....
#.......# #.###..#..#.
#..####.###.##......#)
#.....................
#..####.###.####.##.##
#..####.# #.####.##.##
#...z@z.# #......##..)
######### ############
# ### #.. #.# #.# #.#
#.#


You could see 2 wights.

Vanquished Creatures
  Prince Ribbit (D:5)
  A steam dragon (D:6)
  An ice beast (D:6)
  An ogre (D:6)
  A phantom (D:5)
  Blork the orc (D:5)
  5 scorpions
  A bullfrog (D:6)
  A wight (D:7)
  A howler monkey (D:5)
  3 hounds
  An orc priest (D:6)
  3 gnoll boudas
  2 jellies
  An iguana (D:5)
  Natasha (thrice) (D:3)
  7 orc wizards
  11 gnolls
  13 adders
  3 river rats (D:5)
  A white imp (D:6)
  3 worms
  2 dart slugs
  22 orcs
  6 endoplasms
  4 giant cockroaches
  7 goblins
  2 hobgoblins
  6 jackals
  3 quokkas
  7 ball pythons
  4 bats
  12 frilled lizards
  5 kobolds
  11 rats
156 creatures vanquished.

Notes
Turn   | Place    | Note
-------+----------+-------------------------------------------
     0 | D:1      | Ayyar the Octopode Air Elementalist began the quest for the
                  | Orb.
     0 | D:1      | Reached XP level 1. HP: 11/11 MP: 3/3
   333 | D:1      | Reached XP level 2. HP: 17/17 MP: 0/5
   393 | D:1      | Reached skill level 3 in Stealth
   923 | D:1      | Found Asemel's Magic Scroll Shop.
   963 | D:1      | Bought a scroll of noise for 13 gold pieces
   987 | D:1      | Reached XP level 3. HP: 21/21 MP: 2/6
  1507 | D:2      | Reached XP level 4. HP: 27/27 MP: 4/7
  2377 | D:3      | Noticed Natasha
  2384 | D:3      | Killed Natasha
  2424 | D:3      | Reached XP level 5. HP: 31/31 MP: 3/9
  2601 | D:3      | Reached skill level 4 in Stealth
  2714 | D:3      | Reached skill level 1 in Short Blades
  3196 | D:3      | Noticed Natasha
  3202 | D:3      | Killed Natasha
  3304 | D:3      | Noticed Natasha
  3431 | D:4      | Reached XP level 6. HP: 18/36 MP: 10/10
  3665 | D:3      | Killed Natasha
  4544 | D:4      | Reached skill level 5 in Stealth
  4544 | D:4      | Reached XP level 7. HP: 28/41 MP: 5/12
  4783 | D:5      | Entered Level 5 of the Dungeon
  4839 | D:5      | Noticed Prince Ribbit
  4848 | D:5      | Killed Prince Ribbit
  4861 | D:5      | Found a staircase to the Ecumenical Temple.
  4874 | Temple   | Entered the Ecumenical Temple
  4906 | Temple   | Became a worshipper of Dithmenos the Shadowed
  5250 | D:5      | Reached XP level 8. HP: 46/46 MP: 13/13
  5300 | D:5      | Noticed Blork the orc
  5313 | D:5      | Killed Blork the orc
  5418 | D:5      | Reached skill level 6 in Stealth
  5479 | D:5      | Found a glowing drain.
  5486 | D:5      | Reached * piety under Dithmenos
  5504 | Sewer    | Entered a sewer
  6407 | D:5      | Learned a level 2 spell: Blink
  6450 | D:6      | Found a white marble altar of Elyvilon.
  6490 | D:6      | Reached skill level 5 in Air Magic
  6915 | D:6      | Reached skill level 1 in Translocations
  7165 | D:6      | Reached skill level 1 in Shields
  7182 | D:6      | Reached XP level 9. HP: 34/51 MP: 9/15
  7279 | D:6      | Reached skill level 5 in Dodging
  7279 | D:6      | Reached skill level 7 in Stealth
  7786 | D:6      | Slain by a wight

Illustrated notes

Levels and vault maps discovered:
D:1:      elethiomel_arrival_infinity_welcomes_careful_drivers, layout_basic,
          serial_shops, shop
D:2:      layout_basic
D:3:      layout_loops_ring, uniq_natasha
D:4:      layout_basic, minmay_misc_feat_nine_boxes, nrook_campfire
D:5:      layout_basic, minmay_temple_entry_statues_pillars,
          portal_sewer_entry_b, dk_noncrumbling_4, uniq_prince_ribbit1,
          uniq_blork_the_orc
D:6:      layout_loops_cross, elyvilon_altar_4
D:7:      layout_rooms, serial_undead, serial_undead_e, serial_undead_b,
          serial_undead_e, serial_undead_a, serial_undead_e, serial_undead_e,
          grunt_ministairs_2, minmay_starry_boxes
Temple:   eino_temple_rhombus

Skill      XL: |  1  2  3  4  5  6  7  8  9 |
---------------+----------------------------+-----
Stealth        | 3 4 5 6 7 |  7.1
Conjurations   | 2 3 4 |  4.5
Short Blades   | 1 2 3 4 |  4.0
Dodging        | 3 4 5 |  5.1
Spellcasting   | 3 4 |  4.6
Air Magic      | 4 5 |  5.4
Translocations | 1 2 |  2.0
Shields        | 1 |  1.5
Fighting       | |  0.5
Throwing       | |  0.9
Evocations     | |  0.6

Action                     |  1- 3 |  4- 6 |  7- 9 || total
---------------------------+-------+-------+-------++-------
  Melee: Dagger            |    22 |    32 |    24 ||    78
         Constrict         |     6 |    11 |    19 ||    36
         Tentacles         |     4 |    14 |    23 ||    41
         Punch             |     1 |     2 |     1 ||     4
         Short sword       |       |    34 |    87 ||   121
   Cast: Shock             |    55 |   110 |   116 ||   281
    Use: Potion            |       |     5 |     3 ||     8
         Scroll            |       |     1 |     3 ||     4
   Stab: Sleeping          |       |     2 |     7 ||     9
 Armour: Skin              |     4 |     8 |     3 ||    15
  Dodge: Dodged            |    21 |    31 |    76 ||   128
  Block: Buckler           |       |       |     4 ||     4

Table legend: (Time is in decaauts)
 A = Elapsed time spent in this place.
 B = Non-inter-level travel time spent in this place.
 C = Inter-level travel time spent in this place.
 D = Time resting spent in this place.
 E = Time spent auto-exploring this place.
 F = Levels seen in this place.
 G = Mean time per level.
                   A        B        C        D        E       F      G
               +--------+--------+--------+--------+--------+-----+--------+
         Total |   7765 |   7223 |    542 |    335 |   5616 |   9 |  862.8 |
       Dungeon |   7217 |   6723 |    494 |    335 |   5209 |   7 | 1031.0 |
        Temple |     51 |      3 |     48 |      0 |      0 |   1 |   51.0 |
         Sewer |    495 |    495 |      0 |      0 |    407 |   1 |  495.0 |
               +--------+--------+--------+--------+--------+-----+--------+

Top non-repeatable levels by time:
     D:3: 1469 daAuts
     D:6: 1346 daAuts
     D:4: 1187 daAuts
     D:1: 1161 daAuts
     D:5: 1084 daAuts
     D:2: 959 daAuts
   Sewer: 495 daAuts
  Temple: 51 daAuts
     D:7: 8 daAuts
